 Dungeon Crawl Stone Soup version 0.23.2-40-g277498a (webtiles) character file.

Game seed: 3498945830840292703

60 BaeWest the Cudgeler (level 3, 0/36 HPs)
             Began as a Troll Monk on Sept 23, 2019.
             Succumbed to a worker ant's poison
             ... on level 3 of the Dungeon.
             The game lasted 00:17:10 (1208 turns).

BaeWest the Cudgeler (Troll Monk)                   Turns: 1208, Time: 00:17:11

Health: 0/36       AC:  6    Str: 20    XL:     3   Next: 80%
Magic:  2/2        EV: 11    Int:  6    God:
Gold:   60         SH:  0    Dex: 12    Spells: 2/2 levels left

rFire    x . .     SeeInvis .   a - +0 mace
rCold    + . .     Gourm    +   (no shield)
rNeg     . . .     Faith    .   b - +0 robe
rPois    .         Spirit   .   (helmet restricted)
rElec    .         Reflect  .   (no cloak)
rCorr    .         Harm     .   (gloves unavailable)
MR       .....                  (boots unavailable)
Stlth    ++........             (no amulet)
HPRegen  0.52/turn              y - ring of ice
MPRegen  0.08/turn              (no ring)

@: lethally poisoned (0 -> -8)
A: large, unfitting armour, claws 3, fast metabolism 3, gourmand, regeneration
1, shaggy fur 1, tough skin 3
a: no special abilities


You were on level 3 of the Dungeon.
You were not hungry.

You visited 1 branch of the dungeon, and saw 4 of its levels.

You collected 60 gold pieces.

Inventory:

Hand Weapons
 a - a +0 mace (weapon)
 d - a +0 dagger
 e - a +0 dagger
 i - a +0 club
 l - a +0 club
 m - a +0 club
 n - a +0 dagger
 s - a +0 club
Missiles
 k - 17 poisoned needles
 o - 20 stones (quivered)
 p - 45 arrows
Armour
 b - a +0 robe (worn)
 g - a +0 ring mail
 h - a +0 scale mail
 t - a +0 plate armour
 u - a +0 plate armour
 A - a +0 plate armour
Magical Staves
 x - an uncursed staff of fire {unknown}
Jewellery
 y - a ring of ice (left claw)
Wands
 v - a wand of polymorph (7)
Scrolls
 f - a scroll of teleportation {unknown}
 q - a scroll of enchant weapon {unknown}
 r - 2 scrolls of identify {unknown}
 w - a scroll of fear {unknown}
Potions
 j - a potion of curing {unknown}
 z - 2 potions of ambrosia {unknown}


   Skills:
 + Level 2.7 Fighting
 + Level 3.6 Maces & Flails
 + Level 2.9 Dodging
 + Level 1.1 Stealth


You had 2 spell levels left.
You didn't know any spells.
Your spell library contained the following spells:

 Spells                   Type           Power        Failure   Level  Hunger
 Confusing Touch          Hex            #.....       45%         1    ##.....
 Confuse                  Hex            #.......     83%         3    ####...
 Gell's Gravitas          Tloc           #.........   83%         3    ####...
 Petrify                  Tmut/Erth      #.......     99%         4    #####..
 Metabolic Englaciation   Hex/Ice        #.........   100%        5    ######.
 Yara's Violent Unravell  Hex/Tmut       #.........   100%        5    ######.


Dungeon Overview and Level Annotations

Branches:
Dungeon (4/15)
 Temple: D:4-7

Altars:


Innate Abilities, Weirdness & Mutations

You are too large for most types of armour.
You have claws for hands.
Your metabolism is lightning-fast.
You like to eat raw meat.
Your natural rate of healing is unusually fast.
You are covered in fur. (AC +1)
You have extremely tough skin. (AC +3)


Message History

* * * LOW HITPOINT WARNING * * *
You climb upwards.
* * * LOW HITPOINT WARNING * * *
You feel sick.
There is a stone staircase leading down here.
You hit the worker ant but do no damage.
You feel sick. The worker ant closely misses you.
You hit the worker ant.
The worker ant is lightly wounded.
* * * LOW HITPOINT WARNING * * *
You feel sick. The worker ant bites you.
* * * LOW HITPOINT WARNING * * *
You are more poisoned.
The worker ant poisons you! The worker ant closely misses you.
You eat the ration.
That ration really hit the spot!
* * * LOW HITPOINT WARNING * * *
You feel sick. The worker ant closely misses you.
You hit the worker ant.
The worker ant is moderately wounded.
You die...

#####.............###
...##........#......
#####..#<...........#
#...................#
#.........†.......#.#
#........#.###.##.#.# ####
#........'..........#
...######........########.###
...............a@# #.#
.#.######........########.#######
.#.# #...........................
..# #.#####.###..#.......#######
.#.#.. .............#........#
.#.#. ##......#.##.....#####.#
##.# #..#####..#..#..# #.# ##.##
#..# #..#..#..# #.# ....#
##.......### #.#


You could see a worker ant.

Vanquished Creatures
  2 adders
  A worm (D:3)
  A leopard gecko (D:1)
  4 giant cockroaches
  6 goblins (D:1)
  4 hobgoblins
  5 jackals
  A quokka (D:4)
  2 frilled lizards (D:1)
  6 kobolds
  2 rats
34 creatures vanquished.

Notes
Turn   | Place    | Note
-------+----------+-------------------------------------------
     0 | D:1      | BaeWest the Troll Monk began the quest for the Orb.
     0 | D:1      | Reached XP level 1. HP: 22/22 MP: 0/0
   152 | D:1      | Reached XP level 2. HP: 29/29 MP: 1/1
   176 | D:1      | Reached skill level 3 in Maces & Flails
   564 | D:2      | Reached XP level 3. HP: 25/36 MP: 2/2
   576 | D:2      | Paralysed by fainting for 11 turns
   587 | D:2      | Paralysed by fainting for 12 turns
   604 | D:2      | Paralysed by fainting for 5 turns
   819 | D:3      | Found a faded altar of an unknown god.
   926 | D:3      | Paralysed by fainting for 10 turns
   949 | D:3      | Paralysed by fainting for 10 turns
  1208 | D:3      | Succumbed to a worker ant's poison

Skill      XL: |  1  2 |
---------------+-------+-----
Maces & Flails | 3 |  3.6
Fighting       | |  2.7
Dodging        | |  2.9
Stealth        | |  1.1

Action                   || total
-------------------------++-------
Melee: Mace              ||   133
  Eat: Ration            ||     3
Armor: Robe              ||    90
Dodge: Dodged            ||    94
